 Dungeon Crawl Stone Soup version 0.26.1-2-gb8aa6d0cf2 (webtiles) character file.

Game seed: 8851647262613926440

1709 jlumianski the Chopper (level 8, -3/72 HPs)
             Began as a Palentonga Fighter on Feb 17, 2021.
             Was a Believer of Makhleb.
             Slain by an orc warrior
             ... wielding a +0 war axe
              (10 damage)
             ... on level 6 of the Dungeon.
             The game lasted 00:23:02 (6039 turns).

jlumianski the Chopper (Palentonga Fighter)         Turns: 6039, Time: 00:23:03

Health: -3/72      AC: 15    Str: 21 (22) XL:     8   Next: 74%
Magic:  11/11      EV:  4    Int:  7 (8)  God:    Makhleb [**....]
Gold:   308        SH: 10    Dex:  9 (10) Spells: 7/7 levels left

rFire    + . .     SeeInvis +   d - +1 broad axe
rCold    . . .     Faith    .   c - +1 kite shield
rNeg     . . .     Spirit   .   j - +0 chain mail
rPois    +         Reflect  .   (no helmet)
rElec    .         Harm     .   (no cloak)
rCorr    .         Rampage  .   (no gloves)
Will     .....                  (no barding)
Stlth    ..........             (no amulet)
HPRegen  0.22/turn              f - ring of poison resistance
MPRegen  0.12/turn              E - ring of protection from fire

@: about to teleport, curled up
A: large, rugged brown scales 3, see invisible, deformed body, roll 1, armoured
tail, reflexive curl
a: Rolling Charge, Renounce Religion, Minor Destruction


You were on level 6 of the Dungeon.
You worshipped Makhleb.
Makhleb was pleased with you.
You visited 1 branch of the dungeon, and saw 6 of its levels.

You collected 364 gold pieces.
You spent 56 gold pieces at shops.

Inventory:

Hand Weapons
 a - a +0 war axe
 d - a +1 broad axe (weapon)
 G - a +3 hunting sling
 H - a +0 whip of freezing
Missiles
 g - 7 silver javelins (quivered)
 n - 221 stones
 o - 92 bolts
 q - 5 boomerangs
 t - 12 poisoned darts
 D - 4 atropa-tipped darts
Armour
 b - a +0 scale mail
 c - a +1 kite shield (worn)
 j - a +0 chain mail (worn)
Jewellery
 f - a ring of poison resistance (left hand)
 r - a cursed -4 ring of dexterity
 v - an uncursed ring of fire
 E - a ring of protection from fire (right hand)
 I - an uncursed ring of teleportation
Scrolls
 i - a scroll of teleportation
 k - 3 scrolls of remove curse
 p - a scroll of random uselessness {unknown}
 s - a scroll of identify
 u - a scroll of magic mapping {unknown}
 w - 3 scrolls of amnesia {unknown}
 x - a scroll of noise {unknown}
 y - a scroll of fear {unknown}
 F - a scroll of enchant weapon
Potions
 e - a potion of haste {unknown}
 h - a potion of brilliance {unknown}
 l - a potion of lignification {unknown}
 m - a potion of resistance {unknown}
 z - a potion of degeneration
 A - a potion of mutation {unknown}
 B - a potion of flight
 C - a potion of heal wounds {unknown}


   Skills:
 + Level 5.0 Fighting
 + Level 6.4 Axes
 + Level 0.7 Throwing
 + Level 4.7 Armour
 + Level 1.4 Dodging
 + Level 0.5 Stealth
 + Level 4.4 Shields
 * Level 4.4 Invocations


You had 7 spell levels left.
You didn't know any spells.
Your spell library contained the following spells:

 Spells                   Type           Power        Failure   Level
 Animate Skeleton         Necr           0%           100%        1
 Corona                   Hex            0%           100%        1
 Pain                     Necr           0%           100%        1
 Ensorcelled Hibernation  Hex/Ice        0%           100%        2
 Confusing Touch          Hex            0%           100%        3
 Dazzling Flash           Conj/Hex       0%           100%        3
 Tukima's Dance           Hex            0%           100%        3
 Vampiric Draining        Necr           0%           100%        3
 Animate Dead             Necr           0%           100%        4
 Agony                    Necr           0%           100%        5


Dungeon Overview and Level Annotations

Branches:
Dungeon (6/15)
 Temple: D:4-7

Altars:
Fedhas
Makhleb
Ru
Sif Muna

Shops:
D:5 *

Annotations:
D:5 Blork the orc


Innate Abilities, Weirdness & Mutations

You are completely covered in rugged brown scales. (AC +3, +7% HP)
You have supernaturally acute eyesight. (SInv)
Armour fits poorly on your strangely shaped body.
You can roll at nearby foes to attack.
You have a long armoured tail.
You curl defensively after being hit.


Message History

The orc warrior hits you with a +0 war axe!
You hit the orc warrior but do no damage.
Your tail-slap misses the orc warrior.
You hit the orc warrior.
The orc warrior hits you with a +0 flail!
You block the orc warrior's attack.
The orc warrior hits you with a +0 flail!
You slash the orc warrior!
The orc warrior is moderately wounded.
You barely miss the orc warrior.
The orc warrior hits you with a +0 war axe!
* * * LOW HITPOINT WARNING * * *
The orc warrior hits you with a +0 flail.
* * * LOW HITPOINT WARNING * * *
The orc warrior barely misses you.
Found a club and a brass wand.
Found a stone staircase leading down.
As you read the scroll of teleportation, it crumbles to dust.
You feel strangely unstable.
The orc warrior hits you with a +0 war axe!
You die...

#.##....# #......## ..
#.#..###########o...
./.##.#.#[.......B....#.
..>.)#.#.##########.##
##.#.#...# #>#
.........## #.#
......##..#######....
...###.....#........##
#......@o.o....# #
#..###..####...# #..#
###<# #...# #.......#
#.#.. ....###)# ..#..
....## .###.. .....# ##
########..# ##.#


You could see 2 orc warriors.

Vanquished Creatures
  Grinder (D:5)
  Menkaure (D:6)
  An ice beast (D:5)
  2 phantoms
  3 sky beasts (D:5)
  2 bullfrogs (D:5)
  A scorpion (D:5)
  A crimson imp (D:2)
  A centaur zombie (D:6)
  4 orc priests
  A hound (D:5)
  2 orc wizards
  An iguana (D:5)
  6 worker ants
  A hound zombie (D:5)
  6 adders
  11 gnolls
  A shadow imp (D:4)
  A white imp (D:3)
  An ufetubus (D:5)
  An adder skeleton (D:6)
  2 worms
  A dart slug (D:1)
  A leopard gecko (D:3)
  13 orcs
  10 bats
  3 giant cockroaches
  5 goblins
  A hobgoblin (D:2)
  7 jackals
  2 quokkas (D:5)
  A ball python (D:2)
  7 frilled lizards
  10 kobolds
  11 rats
123 creatures vanquished.

Vanquished Creatures (others)
  2 plants (D:5)
2 creatures vanquished.

Grand Total: 125 creatures vanquished

Notes
Turn   | Place    | Note
-------+----------+-------------------------------------------
     0 | D:1      | jlumianski the Palentonga Fighter began the quest for the
                  | Orb.
     0 | D:1      | Reached XP level 1. HP: 20/20 MP: 1/1
   131 | D:2      | Reached XP level 2. HP: 22/27 MP: 2/2
   438 | D:1      | Reached XP level 3. HP: 33/33 MP: 3/3
  1121 | D:2      | Found a burning altar of Makhleb.
  1156 | D:2      | Reached XP level 4. HP: 38/40 MP: 4/4
  1160 | D:2      | Became a worshipper of Makhleb the Destroyer
  1211 | D:2      | Reached skill level 3 in Axes
  1219 | D:2      | Found a sacrificial altar of Ru.
  1352 | D:3      | Found a faded altar of an unknown god.
  1359 | D:2      | Reached XP level 5. HP: 47/48 MP: 5/5
  1780 | D:2      | Found a blossoming altar of Fedhas.
  2236 | D:3      | Reached skill level 1 in Invocations
  2244 | D:3      | Reached * piety under Makhleb
  2545 | D:5      | Entered Level 5 of the Dungeon
  2558 | D:5      | Noticed a sky beast
  2573 | D:5      | Reached XP level 6. HP: 42/55 MP: 6/6
  2587 | D:5      | Killed a sky beast
  2588 | D:5      | Reached skill level 4 in Axes
  2588 | D:5      | Reached skill level 1 in Dodging
  3470 | D:4      | Gained mutation: You curl defensively after being hit.
                  | [Palentonga growth]
  3470 | D:4      | Reached XP level 7. HP: 62/62 MP: 8/8
  4360 | D:5      | Noticed Blork the orc
  4497 | D:5      | Reached skill level 5 in Axes
  4503 | D:5      | Found Tackutt's General Store.
  4513 | D:5      | Noticed Grinder
  4513 | D:5      | Paralysed by Grinder for 5 turns
  4523 | D:5      | Killed Grinder
  4524 | D:5      | Reached XP level 8. HP: 56/70 MP: 10/10
  4529 | D:5      | Bought a +0 broad axe for 56 gold pieces
  4751 | D:5      | Found a shimmering blue altar of Sif Muna.
  5045 | D:6      | Noticed Menkaure
  5050 | D:6      | Killed Menkaure
  5066 | D:5      | HP: 1/71 [sky beast (5)]
  5387 | D:5      | Reached skill level 6 in Axes
  5888 | D:6      | Reached ** piety under Makhleb
  5889 | D:6      | Reached skill level 5 in Fighting
  6023 | D:5      | Noticed a rust devil
  6023 | D:5      | Noticed a rust devil
  6039 | D:6      | Slain by an orc warrior

Illustrated notes

Levels and vault maps discovered:
D:1:      minmay_arrival_wavy_path, layout_loops_ring, minmay_pentomino_v4
D:2:      layout_rooms, nicolae_ru_awakened_eye, makhleb_grotto_becter,
          fedhas_altar_fruit_tree
D:3:      layout_rooms, chequers_ecumenical_altar_simple_redux,
          supply_closet_lemuel
D:4:      layout_cave_pods, minmay_cut_off
D:5:      cheibrodos_iron_armory, layout_basic, tgw_sif, serial_shops,
          nicolae_shop_crystal, dk_vineyard_1, chequers_garden,
          serial_bayou_ford_a, chequers_serial_rivers_micro_e, uniq_grinder
D:6:      layout_rooms, serial_shops, shop, due_unseen_surprise, uniq_menkaure

Skill      XL: |  1  2  3  4  5  6  7  8 |
---------------+-------------------------+-----
Shields        | 3 4 |  4.4
Armour         | 3 4 |  4.7
Axes           | 3 4 5 6 |  6.4
Invocations    | 1 2 3 4 |  4.4
Dodging        | 1 |  1.4
Fighting       | 4 5 |  5.0
Throwing       | |  0.7
Stealth        | |  0.5

Action                   |  1- 3 |  4- 6 |  7- 9 || total
-------------------------+-------+-------+-------++-------
Melee: War axe           |    97 |   155 |    68 ||   320
       Tailslap          |     6 |    19 |    16 ||    41
       Broad axe         |       |       |    87 ||    87
Throw: Javelin           |       |     2 |     9 ||    11
 Abil: Rolling Charge    |    24 |    16 |    16 ||    56
  Use: Scroll            |     2 |     3 |     3 ||     8
       Potion            |       |       |     7 ||     7
Armor: Scale mail        |    44 |    26 |       ||    70
       Chain mail        |       |    82 |    82 ||   164
Dodge: Dodged            |    12 |    29 |    33 ||    74
Block: Kite shield       |    40 |    98 |   109 ||   247
